 Dungeon Crawl Stone Soup version 0.30-a0-222-ge547ba4400 (webtiles) character file.

Game seed: 5725917356004069970

3147 qw the Cleaver (level 9, 0/59 HPs)
             Began as a Gargoyle Fighter on Oct 8, 2022.
             Was an Elder of Okawaru.
             Engulfed by a steam dragon's steam (3 damage)
             ... on level 8 of the Dungeon.
             The game lasted 00:05:07 (7115 turns).

qw the Cleaver (Gargoyle Fighter)                   Turns: 7115, Time: 00:05:07

Health: 0/59       AC: 30    Str: 24    XL:     9   Next: 93%
Magic:  11/12      EV:  8    Int:  9    God:    Okawaru [****..]
Gold:   564        SH:  5    Dex:  9    Spells: 8/8 levels left

rFire   . . .      SeeInvis .    Y - +3 war axe (vorpal)
rCold   . . .      Faith    .    c - +0 buckler
rNeg    + . .      Spirit   .    b - +1 plate armour
rPois   inf        Reflect  .    f - +0 helmet
rElec   +          Harm     .    j - +0 cloak
rCorr   .          Rampage  .    m - +2 pair of gloves
Will    .....                    n - +0 pair of boots
Stlth   ..........               (no amulet)
HPRegen 0.29/turn                (no ring)
MPRegen 0.13/turn                (no ring)

@: about to teleport, heroic
A: sickness immunity, AC +6, negative energy resistance 1, electricity
resistance, torment resistance 1, petrification resistance, mutation resistance
1
a: Renounce Religion, Heroism, Finesse


You were on level 8 of the Dungeon.
You worshipped Okawaru.
Okawaru was greatly pleased with you.
You visited 2 branches of the dungeon, and saw 9 of its levels.

You collected 564 gold pieces.


Innate Abilities, Weirdness & Mutations

You are immune to sickness and miasma.
Your stone body is resilient. (AC +6)
You are immune to poison.
You resist negative energy. (rN+)
You are resistant to electric shocks. (rElec)
You are resistant to unholy torment.
You are immune to petrification.
You are somewhat resistant to further mutation.


   Skills:
 - Level 8.2(13.2) Fighting
 - Level 9.0(14.0) Axes
 + Level 6.1(11.1) Armour
 - Level 1.0(6.0) Dodging
 - Level 4.0(9.0) Shields
 + Level 4.1 Invocations


You had 8 spell levels left.
You didn't know any spells.
Your spell library was empty.

Inventory:

Hand Weapons
 g - a +2 hand axe of flaming
 Y - a +3 vorpal war axe (weapon)
Armour
 b - a +1 plate armour (worn)
 c - a +0 buckler (worn)
 f - a +0 helmet (worn)
 j - a +0 cloak (worn)
 m - a +2 pair of gloves (worn)
 n - a +0 pair of boots (worn)
 o - a +0 kite shield
Scrolls
 h - 7 scrolls of identify
 k - 3 scrolls of teleportation
Potions
 a - 3 potions of cancellation
 d - 2 potions of might
 e - a potion of attraction
 i - a potion of mutation
 l - a potion of resistance {unknown}

Dungeon Overview and Level Annotations

Branches:
Dungeon (8/15)             Temple (1/1) D:4
   Lair: D:8-11

Altars:
Ashenzari
Cheibriados
Dithmenos
Elyvilon
Fedhas
Gozag
Hepliaklqana
Kikubaaqudgha
Nemelex Xobeh
Okawaru
Qazlal
Uskayaw
Vehumet
Wu Jian
Xom
Yredelemnul
Zin
The Shining One

Shops:
D:2 =   D:4 :


Message History

The two-headed ogre hits you with a +0 giant spiked club.
You slash the two-headed ogre!
The two-headed ogre is moderately wounded.
You slash the two-headed ogre!
The two-headed ogre is heavily wounded.
The two-headed ogre hits you with a +0 giant club.
The two-headed ogre hits you with a +0 giant spiked club!
You hit the two-headed ogre but do no damage.
The two-headed ogre is heavily wounded.
You slice the two-headed ogre!!
The two-headed ogre is almost dead.
The two-headed ogre hits you but does no damage.
The two-headed ogre hits you with a +0 giant spiked club.
You barely miss the two-headed ogre.
The two-headed ogre is almost dead.
You block the two-headed ogre's attack.
The two-headed ogre hits you but does no damage.
You hit the two-headed ogre.
You kill the two-headed ogre!
Okawaru is honoured by your kill.
You can now speed up your combat.
Your base Fighting skill gained 2 levels and is now at level 8!
You closely miss the steam dragon. The steam dragon breathes steam at you.
The ball of steam hits you!!
You hear a shout!
You hear a bellow! x3
7113 ||| READING 4 scrolls of teleportation.
As you read the scroll of teleportation, it crumbles to dust.
You feel strangely unstable.
You are engulfed in a cloud of scalding steam.
The steam dragon bites you but does no damage.
The steam dragon claws you but does no damage.
You slash the steam dragon!
The steam dragon is heavily wounded.
You are engulfed in a cloud of scalding steam.
The steam dragon completely misses you.
The steam dragon claws you but does no damage.
You slash the steam dragon!
The steam dragon is severely wounded.
You are engulfed in a cloud of scalding steam.
You die...

#.####.##########..#.......##....
#....#.#<..........#.......'..###
####.#......####...........#####
####.#.%.....# #.#.#.#.........#
.............###.#.#.#.#....##.##
.............#...#.#.#.#....##.#.
.............#¤###.#........##.#.
.......#####+#¤.............##.#.
.......# #......@.######....##...
.......# #....###D# #....##..#
###...## #.... #'# #.....#...
#...# #...........# #......>..
#...# ####.....##.# ...###..
.$D.D?.## .# #.# #.. ....### .##
#.. .... .# ### ... .


You could see a steam dragon (catching breath).

Vanquished Creatures
  A two-headed ogre (D:8)
  Maggie (D:7)
  2 wyverns (D:8)
  A sky beast (D:8)
  An ogre (D:7)
  3 centaurs (D:6)
  A kobold brigand (D:8)
  A gnoll sergeant (D:8)
  5 bullfrogs
  4 scorpions
  3 howler monkeys (D:7)
  2 jellies (D:6)
  A hound (D:6)
  2 gnoll boudas
  2 orc priests (D:3)
  3 iguanas
  Terence (D:2)
  5 orc wizards
  18 gnolls
  4 adders
  2 shadow imps (D:6)
  2 white imps (D:7)
  A worm (D:2)
  29 orcs
  5 bats
  5 endoplasms
  5 giant cockroaches
  7 goblins
  6 hobgoblins
  11 jackals
  3 quokkas (D:2)
  10 ball pythons
  4 frilled lizards
  11 kobolds
  7 rats
169 creatures vanquished.

Vanquished Creatures (others)
  A kobold (D:3)
1 creature vanquished.

Grand Total: 170 creatures vanquished

Notes
Turn   | Place    | Note
-------+----------+-------------------------------------------
     0 | D:1      | qw the Gargoyle Fighter began the quest for the Orb.
     0 | D:1      | Reached XP level 1. HP: 14/14 MP: 1/1
     0 | D:1      | 0 ||| qw: Version: 0.2-a-17-g06abaee
     0 | D:1      | 0 ||| qw: Game counter: 2012
     0 | D:1      | 0 ||| qw: Always use a shield: true
     0 | D:1      | 0 ||| qw: God list: Okawaru
     0 | D:1      | 0 ||| qw: Allow faded altars: false
     0 | D:1      | 0 ||| qw: Do Orc after D:15 true
     0 | D:1      | 0 ||| qw: Do second Lair branch before Depths: true
     0 | D:1      | 0 ||| qw: Lair rune preference: random
     0 | D:1      | 0 ||| qw: Plans: Normal, Zot:1-4, God:TSO, Crypt, Tomb,
                  | Pan, Slime:5, Hells, Abyss, Orb
     0 | D:1      | 0 ||| PLANNING D:1-11
    29 | D:1      | Reached skill level 2 in Axes
    67 | D:1      | Reached XP level 2. HP: 19/19 MP: 2/2
   170 | D:1      | 170 ||| Stepping ~*~*~tactically~*~*~ (stealth).
   176 | D:1      | 176 ||| Stepping ~*~*~tactically~*~*~ (stealth).
   177 | D:1      | 177 ||| Stepping ~*~*~tactically~*~*~ (stealth).
   282 | D:1      | Reached skill level 3 in Axes
   287 | D:1      | Reached XP level 3. HP: 22/23 MP: 3/3
   488 | D:1      | 488 ||| Stepping ~*~*~tactically~*~*~ (stealth).
   721 | D:1      | 721 ||| READING scroll labelled CITWOINYOCA.
   725 | D:1      | 725 ||| READING scroll labelled MISAHU KYJYUMI.
   726 | D:1      | 726 ||| READING scroll labelled LIOXTU SETHYI.
   727 | D:1      | 727 ||| READING scroll labelled WIYGRA POVU.
   882 | D:2      | Reached XP level 4. HP: 18/28 MP: 4/4
   940 | D:2      | Reached skill level 4 in Axes
  1087 | D:2      | 1087 ||| READING 3 scrolls labelled GOUGYV PIASHRUS.
  1088 | D:2      | 1088 ||| READING 2 scrolls of enchant weapon.
  1088 | D:2      | 1088 ||| ENCHANTING +1 war axe.
  1089 | D:2      | 1089 ||| READING scroll of enchant weapon.
  1089 | D:2      | 1089 ||| ENCHANTING +2 war axe.
  1090 | D:2      | 1090 ||| READING scroll labelled TIWIYNT VUNLAE.
  1093 | D:2      | 1093 ||| Stepping randomly (stuck).
  1095 | D:2      | 1095 ||| Stepping randomly (stuck).
  1096 | D:2      | 1096 ||| Stepping randomly (stuck).
  1097 | D:2      | 1097 ||| Stepping randomly (stuck).
  1099 | D:2      | 1099 ||| Stepping randomly (stuck).
  1100 | D:2      | 1100 ||| Stepping randomly (stuck).
  1101 | D:2      | 1101 ||| Stepping randomly (stuck).
  1102 | D:2      | 1102 ||| Stepping randomly (stuck).
  1103 | D:2      | 1103 ||| Stepping randomly (stuck).
  1105 | D:2      | 1105 ||| Stepping randomly (stuck).
  1107 | D:2      | 1107 ||| Stepping randomly (stuck).
  1109 | D:2      | 1109 ||| Stepping randomly (stuck).
  1111 | D:2      | 1111 ||| Stepping randomly (stuck).
  1114 | D:2      | 1114 ||| Stepping randomly (stuck).
  1147 | D:2      | 1147 ||| READING scroll labelled OVVURAGORA.
  1148 | D:2      | 1148 ||| Stepping randomly (stuck).
  1149 | D:2      | 1149 ||| Stepping randomly (stuck).
  1150 | D:2      | 1150 ||| Stepping randomly (stuck).
  1152 | D:2      | 1152 ||| Stepping randomly (stuck).
  1154 | D:2      | 1154 ||| Stepping randomly (stuck).
  1156 | D:2      | 1156 ||| Stepping randomly (stuck).
  1158 | D:2      | 1158 ||| Stepping randomly (stuck).
  1159 | D:2      | 1159 ||| Stepping randomly (stuck).
  1160 | D:2      | 1160 ||| Stepping randomly (stuck).
  1162 | D:2      | 1162 ||| Stepping randomly (stuck).
  1164 | D:2      | 1164 ||| Stepping randomly (stuck).
  1165 | D:2      | 1165 ||| Stepping randomly (stuck).
  1166 | D:2      | 1166 ||| Stepping randomly (stuck).
  1167 | D:2      | 1167 ||| Stepping randomly (stuck).
  1168 | D:2      | 1168 ||| Stepping randomly (stuck).
  1169 | D:2      | 1169 ||| Stepping randomly (stuck).
  1170 | D:2      | 1170 ||| Stepping randomly (stuck).
  1171 | D:2      | 1171 ||| Stepping randomly (stuck).
  1172 | D:2      | 1172 ||| Stepping randomly (stuck).
  1173 | D:2      | 1173 ||| Stepping randomly (stuck).
  1174 | D:2      | 1174 ||| Stepping randomly (stuck).
  1175 | D:2      | 1175 ||| Stepping randomly (stuck).
  1176 | D:2      | 1176 ||| Stepping randomly (stuck).
  1177 | D:2      | 1177 ||| Stepping randomly (stuck).
  1178 | D:2      | 1178 ||| Stepping randomly (stuck).
  1179 | D:2      | 1179 ||| Stepping randomly (stuck).
  1180 | D:2      | 1180 ||| Stepping randomly (stuck).
  1181 | D:2      | 1181 ||| Stepping randomly (stuck).
  1182 | D:2      | 1182 ||| Stepping randomly (stuck).
  1183 | D:2      | 1183 ||| Stepping randomly (stuck).
  1184 | D:2      | 1184 ||| Stepping randomly (stuck).
  1185 | D:2      | 1185 ||| Stepping randomly (stuck).
  1186 | D:2      | 1186 ||| Stepping randomly (stuck).
  1187 | D:2      | 1187 ||| Stepping randomly (stuck).
  1188 | D:2      | 1188 ||| Stepping randomly (stuck).
  1189 | D:2      | 1189 ||| Stepping randomly (stuck).
  1190 | D:2      | 1190 ||| Stepping randomly (stuck).
  1191 | D:2      | 1191 ||| Stepping randomly (stuck).
  1297 | D:2      | Found Cicuph's Jewellery Boutique.
  1303 | D:2      | 1303 ||| SHOPLISTING +4 ring of evasion (396 gold, have
                  | 83).
  1303 | D:2      | 1303 ||| SHOPLISTING +4 ring of protection (396 gold, have
                  | 83).
  1303 | D:2      | 1303 ||| SHOPLISTING amulet of reflection (330 gold, have
                  | 83).
  1303 | D:2      | 1303 ||| SHOPLISTING amulet of regeneration (330 gold, have
                  | 83).
  1303 | D:2      | 1303 ||| SHOPLISTING amulet of the acrobat (330 gold, have
                  | 83).
  1303 | D:2      | 1303 ||| SHOPLISTING ring of protection from fire (275
                  | gold, have 83).
  1521 | D:2      | Noticed Terence
  1522 | D:2      | 1522 ||| READING scroll labelled YRGHAIJICUDD.
  1523 | D:2      | 1523 ||| READING scroll labelled EGAIVIE BISUH.
  1557 | D:2      | 1557 ||| DRINKING 2 viscous yellow potions.
  1557 | D:2      | Gained mutation: You are vulnerable to cold. (rC-) [potion
                  | of mutation]
  1558 | D:2      | 1558 ||| DRINKING potion of mutation.
  1558 | D:2      | Lost mutation: You are vulnerable to cold. (rC-) [potion of
                  | mutation]
  1558 | D:2      | Gained mutation: You have large cloven feet. [potion of
                  | mutation]
  1558 | D:2      | Lost mutation: You have large cloven feet. [potion of
                  | mutation]
  1558 | D:2      | Gained mutation: You are somewhat resistant to further
                  | mutation. [potion of mutation]
  1559 | D:2      | 1559 ||| READING 3 scrolls of identify.
  1559 | D:2      | 1559 ||| IDENTIFYING blue potion
  1560 | D:2      | 1560 ||| READING 2 scrolls of identify.
  1560 | D:2      | 1560 ||| IDENTIFYING puce potion
  1561 | D:2      | 1561 ||| DROPPING potion of brilliance.
  1562 | D:2      | 1562 ||| Stepping randomly (stuck).
  1563 | D:2      | 1563 ||| Stepping randomly (stuck).
  1565 | D:2      | 1565 ||| Stepping randomly (stuck).
  1566 | D:2      | 1566 ||| Stepping randomly (stuck).
  1567 | D:2      | 1567 ||| Stepping randomly (stuck).
  1568 | D:2      | 1568 ||| Stepping randomly (stuck).
  1569 | D:2      | 1569 ||| Stepping randomly (stuck).
  1570 | D:2      | 1570 ||| Stepping randomly (stuck).
  1571 | D:2      | 1571 ||| Stepping randomly (stuck).
  1572 | D:2      | 1572 ||| Stepping randomly (stuck).
  1573 | D:2      | 1573 ||| Stepping randomly (stuck).
  1575 | D:2      | 1575 ||| Stepping randomly (stuck).
  1576 | D:2      | 1576 ||| Stepping randomly (stuck).
  1577 | D:2      | 1577 ||| Stepping randomly (stuck).
  1578 | D:2      | 1578 ||| Stepping randomly (stuck).
  1579 | D:2      | 1579 ||| Stepping randomly (stuck).
  1580 | D:2      | 1580 ||| Stepping randomly (stuck).
  1581 | D:2      | 1581 ||| Stepping randomly (stuck).
  1582 | D:2      | 1582 ||| Stepping randomly (stuck).
  1583 | D:2      | 1583 ||| Stepping randomly (stuck).
  1584 | D:2      | 1584 ||| Stepping randomly (stuck).
  1585 | D:2      | 1585 ||| Stepping randomly (stuck).
  1586 | D:2      | 1586 ||| Stepping randomly (stuck).
  1587 | D:2      | 1587 ||| Stepping randomly (stuck).
  1588 | D:2      | 1588 ||| Stepping randomly (stuck).
  1589 | D:2      | 1589 ||| Stepping randomly (stuck).
  1590 | D:2      | 1590 ||| Stepping randomly (stuck).
  1591 | D:2      | 1591 ||| Stepping randomly (stuck).
  1592 | D:2      | 1592 ||| Stepping randomly (stuck).
  1593 | D:2      | 1593 ||| Stepping randomly (stuck).
  1594 | D:2      | 1594 ||| Stepping randomly (stuck).
  1595 | D:2      | 1595 ||| Stepping randomly (stuck).
  1597 | D:2      | 1597 ||| Stepping randomly (stuck).
  1599 | D:2      | 1599 ||| Stepping randomly (stuck).
  1600 | D:2      | 1600 ||| Stepping randomly (stuck).
  1601 | D:2      | 1601 ||| Stepping randomly (stuck).
  1602 | D:2      | 1602 ||| Stepping randomly (stuck).
  1603 | D:2      | 1603 ||| Stepping randomly (stuck).
  1604 | D:2      | 1604 ||| Stepping randomly (stuck).
  1605 | D:2      | 1605 ||| Stepping randomly (stuck).
  1606 | D:2      | 1606 ||| Stepping randomly (stuck).
  1607 | D:2      | 1607 ||| Stepping randomly (stuck).
  1608 | D:2      | 1608 ||| Stepping randomly (stuck).
  1609 | D:2      | 1609 ||| Stepping randomly (stuck).
  1610 | D:2      | 1610 ||| Stepping randomly (stuck).
  1611 | D:2      | 1611 ||| Stepping randomly (stuck).
  1612 | D:2      | 1612 ||| Stepping randomly (stuck).
  1613 | D:2      | 1613 ||| Stepping randomly (stuck).
  1614 | D:2      | 1614 ||| Stepping randomly (stuck).
  1615 | D:2      | 1615 ||| Stepping randomly (stuck).
  1616 | D:2      | 1616 ||| Stepping randomly (stuck).
  1617 | D:2      | 1617 ||| Stepping randomly (stuck).
  1618 | D:2      | 1618 ||| Stepping randomly (stuck).
  1619 | D:2      | 1619 ||| Stepping randomly (stuck).
  1621 | D:2      | 1621 ||| Stepping randomly (stuck).
  1623 | D:2      | 1623 ||| Stepping randomly (stuck).
  1624 | D:2      | 1624 ||| Stepping randomly (stuck).
  1625 | D:2      | 1625 ||| Stepping randomly (stuck).
  1626 | D:2      | 1626 ||| Stepping randomly (stuck).
  1627 | D:2      | 1627 ||| Stepping randomly (stuck).
  1629 | D:2      | 1629 ||| Stepping randomly (stuck).
  1630 | D:2      | 1630 ||| Stepping randomly (stuck).
  1631 | D:2      | 1631 ||| Stepping randomly (stuck).
  1632 | D:2      | 1632 ||| Stepping randomly (stuck).
  1633 | D:2      | 1633 ||| Stepping randomly (stuck).
  1634 | D:2      | 1634 ||| Stepping randomly (stuck).
  1635 | D:2      | 1635 ||| Stepping randomly (stuck).
  1636 | D:2      | 1636 ||| Stepping randomly (stuck).
  1637 | D:2      | 1637 ||| Stepping randomly (stuck).
  1638 | D:2      | 1638 ||| Stepping randomly (stuck).
  1639 | D:2      | 1639 ||| Stepping randomly (stuck).
  1640 | D:2      | 1640 ||| Stepping randomly (stuck).
  1641 | D:2      | 1641 ||| Stepping randomly (stuck).
  1642 | D:2      | 1642 ||| Stepping randomly (stuck).
  1643 | D:2      | 1643 ||| Stepping randomly (stuck).
  1644 | D:2      | 1644 ||| Stepping randomly (stuck).
  1645 | D:2      | 1645 ||| Stepping randomly (stuck).
  1646 | D:2      | 1646 ||| Stepping randomly (stuck).
  1647 | D:2      | 1647 ||| Stepping randomly (stuck).
  1648 | D:2      | 1648 ||| Stepping randomly (stuck).
  1649 | D:2      | 1649 ||| Stepping randomly (stuck).
  1650 | D:2      | 1650 ||| Stepping randomly (stuck).
  1651 | D:2      | 1651 ||| Stepping randomly (stuck).
  1652 | D:2      | 1652 ||| Stepping randomly (stuck).
  1653 | D:2      | 1653 ||| Stepping randomly (stuck).
  1654 | D:2      | 1654 ||| Stepping randomly (stuck).
  1655 | D:2      | 1655 ||| Stepping randomly (stuck).
  1656 | D:2      | 1656 ||| Stepping randomly (stuck).
  1657 | D:2      | 1657 ||| Stepping randomly (stuck).
  1658 | D:2      | 1658 ||| Stepping randomly (stuck).
  1659 | D:2      | 1659 ||| Stepping randomly (stuck).
  1660 | D:2      | 1660 ||| Stepping randomly (stuck).
  1661 | D:2      | 1661 ||| Stepping randomly (stuck).
  1662 | D:2      | 1662 ||| Stepping randomly (stuck).
  1663 | D:2      | 1663 ||| Stepping randomly (stuck).
  1664 | D:2      | 1664 ||| Stepping randomly (stuck).
  1665 | D:2      | 1665 ||| Stepping randomly (stuck).
  1666 | D:2      | 1666 ||| Stepping randomly (stuck).
  1667 | D:2      | 1667 ||| Stepping randomly (stuck).
  1668 | D:2      | 1668 ||| Stepping randomly (stuck).
  1669 | D:2      | 1669 ||| Stepping randomly (stuck).
  1670 | D:2      | 1670 ||| Stepping randomly (stuck).
  1671 | D:2      | 1671 ||| Stepping randomly (stuck).
  1672 | D:2      | 1672 ||| Stepping randomly (stuck).
  1673 | D:2      | 1673 ||| Stepping randomly (stuck).
  1674 | D:2      | 1674 ||| Stepping randomly (stuck).
  1675 | D:2      | 1675 ||| Stepping randomly (stuck).
  1676 | D:2      | 1676 ||| Stepping randomly (stuck).
  1677 | D:2      | 1677 ||| Stepping randomly (stuck).
  1678 | D:2      | 1678 ||| Stepping randomly (stuck).
  1679 | D:2      | 1679 ||| Stepping randomly (stuck).
  1680 | D:2      | 1680 ||| Stepping randomly (stuck).
  1682 | D:2      | 1682 ||| Stepping randomly (stuck).
  1683 | D:2      | 1683 ||| Stepping randomly (stuck).
  1684 | D:2      | 1684 ||| Stepping randomly (stuck).
  1686 | D:2      | 1686 ||| Stepping randomly (stuck).
  1687 | D:2      | 1687 ||| Stepping randomly (stuck).
  1688 | D:2      | 1688 ||| Stepping randomly (stuck).
  1689 | D:2      | 1689 ||| Stepping randomly (stuck).
  1690 | D:2      | 1690 ||| Stepping randomly (stuck).
  1691 | D:2      | 1691 ||| Stepping randomly (stuck).
  1692 | D:2      | 1692 ||| Stepping randomly (stuck).
  1693 | D:2      | 1693 ||| Stepping randomly (stuck).
  1694 | D:2      | 1694 ||| Stepping randomly (stuck).
  1695 | D:2      | 1695 ||| Stepping randomly (stuck).
  1696 | D:2      | 1696 ||| Stepping randomly (stuck).
  1697 | D:2      | 1697 ||| Stepping randomly (stuck).
  1698 | D:2      | 1698 ||| Stepping randomly (stuck).
  1699 | D:2      | 1699 ||| Stepping randomly (stuck).
  1700 | D:2      | 1700 ||| Stepping randomly (stuck).
  1701 | D:2      | 1701 ||| Stepping randomly (stuck).
  1702 | D:2      | 1702 ||| Stepping randomly (stuck).
  1703 | D:2      | 1703 ||| Stepping randomly (stuck).
  1704 | D:2      | 1704 ||| Stepping randomly (stuck).
  1705 | D:2      | 1705 ||| Stepping randomly (stuck).
  1706 | D:2      | 1706 ||| Stepping randomly (stuck).
  1707 | D:2      | 1707 ||| Stepping randomly (stuck).
  1708 | D:2      | 1708 ||| Stepping randomly (stuck).
  1710 | D:2      | 1710 ||| Stepping randomly (stuck).
  1711 | D:2      | 1711 ||| Stepping randomly (stuck).
  1712 | D:2      | 1712 ||| Stepping randomly (stuck).
  1713 | D:2      | 1713 ||| Stepping randomly (stuck).
  1714 | D:2      | 1714 ||| Stepping randomly (stuck).
  1715 | D:2      | 1715 ||| Stepping randomly (stuck).
  1716 | D:2      | 1716 ||| Stepping randomly (stuck).
  1717 | D:2      | 1717 ||| Stepping randomly (stuck).
  1718 | D:2      | 1718 ||| Stepping randomly (stuck).
  1719 | D:2      | 1719 ||| Stepping randomly (stuck).
  1720 | D:2      | 1720 ||| Stepping randomly (stuck).
  1721 | D:2      | 1721 ||| Stepping randomly (stuck).
  1722 | D:2      | 1722 ||| Stepping randomly (stuck).
  1723 | D:2      | 1723 ||| Stepping randomly (stuck).
  1724 | D:2      | 1724 ||| Stepping randomly (stuck).
  1725 | D:2      | 1725 ||| Stepping randomly (stuck).
  1726 | D:2      | 1726 ||| Stepping randomly (stuck).
  1727 | D:2      | 1727 ||| Stepping randomly (stuck).
  1728 | D:2      | 1728 ||| Stepping randomly (stuck).
  1729 | D:2      | 1729 ||| Stepping randomly (stuck).
  1730 | D:2      | 1730 ||| Stepping randomly (stuck).
  1731 | D:2      | 1731 ||| Stepping randomly (stuck).
  1732 | D:2      | 1732 ||| Stepping randomly (stuck).
  1733 | D:2      | 1733 ||| Stepping randomly (stuck).
  1734 | D:2      | 1734 ||| Stepping randomly (stuck).
  1735 | D:2      | 1735 ||| Stepping randomly (stuck).
  1736 | D:2      | 1736 ||| Stepping randomly (stuck).
  1737 | D:2      | 1737 ||| Stepping randomly (stuck).
  1738 | D:2      | 1738 ||| Stepping randomly (stuck).
  1739 | D:2      | 1739 ||| Stepping randomly (stuck).
  1740 | D:2      | 1740 ||| Stepping randomly (stuck).
  1741 | D:2      | 1741 ||| Stepping randomly (stuck).
  1742 | D:2      | 1742 ||| Stepping randomly (stuck).
  1743 | D:2      | 1743 ||| Stepping randomly (stuck).
  1744 | D:2      | 1744 ||| Stepping randomly (stuck).
  1746 | D:2      | 1746 ||| Stepping randomly (stuck).
  1748 | D:2      | 1748 ||| Stepping randomly (stuck).
  1749 | D:2      | 1749 ||| Stepping randomly (stuck).
  1750 | D:2      | 1750 ||| Stepping randomly (stuck).
  1752 | D:2      | 1752 ||| Stepping randomly (stuck).
  1754 | D:2      | 1754 ||| Stepping randomly (stuck).
  1755 | D:2      | 1755 ||| Stepping randomly (stuck).
  1756 | D:2      | 1756 ||| Stepping randomly (stuck).
  1758 | D:2      | 1758 ||| Stepping randomly (stuck).
  1760 | D:2      | 1760 ||| Stepping randomly (stuck).
  1761 | D:2      | 1761 ||| Stepping randomly (stuck).
  1762 | D:2      | 1762 ||| Stepping randomly (stuck).
  1764 | D:2      | 1764 ||| Stepping randomly (stuck).
  1765 | D:2      | 1765 ||| Stepping randomly (stuck).
  1766 | D:2      | 1766 ||| Stepping randomly (stuck).
  1767 | D:2      | 1767 ||| Stepping randomly (stuck).
  1768 | D:2      | 1768 ||| Stepping randomly (stuck).
  1769 | D:2      | 1769 ||| Stepping randomly (stuck).
  1770 | D:2      | 1770 ||| Stepping randomly (stuck).
  1771 | D:2      | 1771 ||| Stepping randomly (stuck).
  1772 | D:2      | 1772 ||| Stepping randomly (stuck).
  1773 | D:2      | 1773 ||| Stepping randomly (stuck).
  1775 | D:2      | 1775 ||| Stepping randomly (stuck).
  1777 | D:2      | 1777 ||| Stepping randomly (stuck).
  1779 | D:2      | 1779 ||| Stepping randomly (stuck).
  1781 | D:2      | 1781 ||| Stepping randomly (stuck).
  1783 | D:2      | 1783 ||| Stepping randomly (stuck).
  1785 | D:2      | 1785 ||| Stepping randomly (stuck).
  1786 | D:2      | 1786 ||| Stepping randomly (stuck).
  1787 | D:2      | 1787 ||| Stepping randomly (stuck).
  1789 | D:2      | 1789 ||| Stepping randomly (stuck).
  1790 | D:2      | 1790 ||| Stepping randomly (stuck).
  1791 | D:2      | 1791 ||| Stepping randomly (stuck).
  1792 | D:2      | 1792 ||| Stepping randomly (stuck).
  1793 | D:2      | 1793 ||| Stepping randomly (stuck).
  1794 | D:2      | 1794 ||| Stepping randomly (stuck).
  1795 | D:2      | 1795 ||| Stepping randomly (stuck).
  1796 | D:2      | 1796 ||| Stepping randomly (stuck).
  1797 | D:2      | 1797 ||| Stepping randomly (stuck).
  1798 | D:2      | 1798 ||| Stepping randomly (stuck).
  1799 | D:2      | 1799 ||| Stepping randomly (stuck).
  1800 | D:2      | 1800 ||| Stepping randomly (stuck).
  1801 | D:2      | 1801 ||| Stepping randomly (stuck).
  1802 | D:2      | 1802 ||| Stepping randomly (stuck).
  1803 | D:2      | 1803 ||| Stepping randomly (stuck).
  1804 | D:2      | 1804 ||| Stepping randomly (stuck).
  1805 | D:2      | 1805 ||| Stepping randomly (stuck).
  1806 | D:2      | 1806 ||| Stepping randomly (stuck).
  1807 | D:2      | 1807 ||| Stepping randomly (stuck).
  1808 | D:2      | 1808 ||| Stepping randomly (stuck).
  1809 | D:2      | 1809 ||| Stepping randomly (stuck).
  1810 | D:2      | 1810 ||| Stepping randomly (stuck).
  1811 | D:2      | 1811 ||| Stepping randomly (stuck).
  1812 | D:2      | 1812 ||| Stepping randomly (stuck).
  1813 | D:2      | 1813 ||| Stepping randomly (stuck).
  1814 | D:2      | 1814 ||| Stepping randomly (stuck).
  1816 | D:2      | 1816 ||| Stepping randomly (stuck).
  1818 | D:2      | 1818 ||| Stepping randomly (stuck).
  1820 | D:2      | 1820 ||| Stepping randomly (stuck).
  1821 | D:2      | 1821 ||| Stepping randomly (stuck).
  1822 | D:2      | 1822 ||| Stepping randomly (stuck).
  1824 | D:2      | 1824 ||| Stepping randomly (stuck).
  1826 | D:2      | 1826 ||| Stepping randomly (stuck).
  1827 | D:2      | 1827 ||| Stepping randomly (stuck).
  1828 | D:2      | 1828 ||| Stepping randomly (stuck).
  1829 | D:2      | 1829 ||| Stepping randomly (stuck).
  1830 | D:2      | 1830 ||| Stepping randomly (stuck).
  1831 | D:2      | 1831 ||| Stepping randomly (stuck).
  1832 | D:2      | 1832 ||| Stepping randomly (stuck).
  1833 | D:2      | 1833 ||| Stepping randomly (stuck).
  1834 | D:2      | 1834 ||| Stepping randomly (stuck).
  1835 | D:2      | 1835 ||| Stepping randomly (stuck).
  1852 | D:2      | Killed Terence
  1948 | D:2      | 1948 ||| DROPPING +0 club.
  1991 | D:2      | 1991 ||| DROPPING +0 mace.
  2078 | D:2      | Found a faded altar of an unknown god.
  2188 | D:2      | 2188 ||| UPGRADING to +0 chain mail.
  2198 | D:2      | 2198 ||| DROPPING +0 scale mail.
  2199 | D:2      | 2199 ||| READING 2 scrolls labelled JUANYA BAAMA.
  2200 | D:2      | 2200 ||| DROPPING scroll of fear.
  2346 | D:3      | 2346 ||| Stepping ~*~*~tactically~*~*~ (hiding).
  2347 | D:3      | 2347 ||| Stepping ~*~*~tactically~*~*~ (hiding).
  2348 | D:3      | 2348 ||| Stepping ~*~*~tactically~*~*~ (hiding).
  2349 | D:3      | 2349 ||| Stepping ~*~*~tactically~*~*~ (hiding).
  2356 | D:3      | 2356 ||| Stepping ~*~*~tactically~*~*~ (stealth).
  2369 | D:3      | Reached XP level 5. HP: 19/32 MP: 5/5
  2435 | D:3      | Reached skill level 5 in Axes
  2698 | D:3      | Reached XP level 6. HP: 12/38 MP: 6/6
  2700 | D:3      | HP: 9/38 [orc priest/+0 mace (4)]
  2891 | D:3      | Found an ancient bone altar of Kikubaaqudgha.
  2901 | D:3      | 2901 ||| UPGRADING to +0 plate armour.
  2911 | D:3      | 2911 ||| DROPPING +0 chain mail.
  2912 | D:3      | 2912 ||| UPGRADING to +2 pair of gloves.
  2917 | D:3      | 2917 ||| DROPPING amulet of faith.
  2918 | D:3      | 2918 ||| READING scroll labelled FIGOSH SAW GUARHI.
  2919 | D:3      | 2919 ||| READING 3 scrolls of identify.
  2919 | D:3      | 2919 ||| IDENTIFYING golden potion
  2920 | D:3      | 2920 ||| DROPPING potion of magic.
  2970 | D:4      | Found a staircase to the Ecumenical Temple.
  2971 | D:4      | 2971 ||| PLANNING TEMPLE
  2971 | D:4      | 2971 ||| STAIRDANCE
  2975 | D:4      | 2975 ||| STAIRDANCE
  2984 | D:4      | 2984 ||| STAIRDANCE
  3032 | Temple   | Entered the Ecumenical Temple
  3100 | Temple   | 3100 ||| PLANNING OKAWARU WORSHIP
  3187 | Temple   | Became a worshipper of Warmaster Okawaru
  3188 | Temple   | 3188 ||| PLANNING D:1-11
  3258 | D:4      | 3258 ||| Stepping ~*~*~tactically~*~*~ (stealth).
  3291 | D:4      | Found a shimmering altar of Xom.
  3332 | D:4      | Found a hazy altar of Hepliaklqana.
  3454 | D:4      | Reached skill level 6 in Axes
  3650 | D:4      | 3650 ||| Stepping ~*~*~tactically~*~*~ (hiding).
  3655 | D:4      | 3655 ||| Stepping ~*~*~tactically~*~*~ (hiding).
  3656 | D:4      | 3656 ||| Stepping ~*~*~tactically~*~*~ (hiding).
  3684 | D:4      | Reached XP level 7. HP: 43/43 MP: 7/7
  3700 | D:4      | Found Maputh's Tremendous Tomes.
  3752 | D:4      | 3752 ||| Stepping ~*~*~tactically~*~*~ (stealth).
  3841 | D:4      | Reached * piety under Okawaru
  3953 | D:4      | 3953 ||| Stepping ~*~*~tactically~*~*~ (stealth).
  4003 | D:4      | 4003 ||| READING scroll labelled WAAZXUB NUSIZO.
  4004 | D:4      | 4004 ||| READING 6 scrolls of identify.
  4004 | D:4      | 4004 ||| IDENTIFYING purple potion
  4032 | D:4      | 4032 ||| Stepping ~*~*~tactically~*~*~ (stealth).
  4034 | D:4      | 4034 ||| Stepping ~*~*~tactically~*~*~ (hiding).
  4035 | D:4      | 4035 ||| Stepping ~*~*~tactically~*~*~ (hiding).
  4038 | D:4      | 4038 ||| Stepping ~*~*~tactically~*~*~ (hiding).
  4040 | D:4      | 4040 ||| Stepping ~*~*~tactically~*~*~ (hiding).
  4067 | D:5      | Entered Level 5 of the Dungeon
  4105 | D:5      | Found a broken altar of Ashenzari.
  4252 | D:5      | 4252 ||| Stepping ~*~*~tactically~*~*~ (hiding).
  4253 | D:5      | 4253 ||| Stepping ~*~*~tactically~*~*~ (stealth).
  4254 | D:5      | 4254 ||| Stepping ~*~*~tactically~*~*~ (hiding).
  4255 | D:5      | 4255 ||| Stepping ~*~*~tactically~*~*~ (hiding).
  4256 | D:5      | 4256 ||| Stepping ~*~*~tactically~*~*~ (hiding).
  4258 | D:5      | 4258 ||| INVOKING Heroism.
  4259 | D:5      | 4259 ||| INVOKING Heroism.
  4267 | D:5      | Reached skill level 1 in Invocations
  4270 | D:5      | 4270 ||| INVOKING Heroism.
  4271 | D:5      | HP: 10/43 [gnoll/+0 spear[a gnoll bouda] (1)]
  4275 | D:5      | HP: 2/43 [gnoll/+0 spear[a gnoll bouda] (5)]
  4443 | D:5      | 4443 ||| READING scroll of enchant armour.
  4443 | D:5      | 4443 ||| ENCHANTING +0 plate armour.
  4620 | D:5      | 4620 ||| Stepping ~*~*~tactically~*~*~ (stealth).
  4622 | D:5      | 4622 ||| Stepping ~*~*~tactically~*~*~ (hiding).
  4910 | D:5      | 4910 ||| UPGRADING to +0 helmet.
  4933 | D:6      | 4933 ||| INVOKING Heroism.
  4938 | D:6      | Reached skill level 7 in Axes
  4997 | D:6      | Reached XP level 8. HP: 47/48 MP: 8/10
  5014 | D:6      | 5014 ||| INVOKING Heroism.
  5015 | D:6      | 5015 ||| INVOKING Heroism.
  5022 | D:6      | Reached skill level 3 in Invocations
  5082 | D:6      | 5082 ||| Stepping ~*~*~tactically~*~*~ (hiding).
  5083 | D:6      | 5083 ||| Stepping ~*~*~tactically~*~*~ (hiding).
  5234 | D:6      | 5234 ||| Stepping ~*~*~tactically~*~*~ (hiding).
  5242 | D:6      | Reached ** piety under Okawaru
  5539 | D:6      | 5539 ||| Stepping ~*~*~tactically~*~*~ (hiding).
  5545 | D:6      | Reached skill level 1 in Dodging
  5698 | D:6      | 5698 ||| INVOKING Heroism.
  5825 | D:6      | 5825 ||| UPGRADING to +0 cloak.
  5830 | D:6      | 5830 ||| READING scroll labelled FORUT BOURPHUJO.
  5831 | D:6      | 5831 ||| READING scroll labelled ZEASODEAREANU.
  5888 | D:7      | 5888 ||| Stepping ~*~*~tactically~*~*~ (stealth).
  5890 | D:7      | 5890 ||| Stepping ~*~*~tactically~*~*~ (hiding).
  5914 | D:7      | 5914 ||| FLEEEEING.
  5958 | D:7      | 5958 ||| Stepping ~*~*~tactically~*~*~ (stealth).
  5960 | D:7      | 5960 ||| Stepping ~*~*~tactically~*~*~ (stealth).
  5971 | D:7      | 5971 ||| Stepping ~*~*~tactically~*~*~ (hiding).
  5973 | D:7      | 5973 ||| Stepping ~*~*~tactically~*~*~ (hiding).
  5978 | D:7      | 5978 ||| INVOKING Heroism.
  6195 | D:7      | Noticed Maggie
  6201 | D:7      | 6201 ||| INVOKING Heroism.
  6214 | D:7      | Killed Maggie
  6215 | D:7      | Reached skill level 8 in Axes
  6215 | D:7      | Reached XP level 9. HP: 30/54 MP: 10/12
  6322 | D:7      | 6322 ||| INVOKING Heroism.
  6477 | D:7      | 6477 ||| UPGRADING to +0 pair of boots.
  6482 | D:7      | 6482 ||| READING 9 scrolls of identify.
  6482 | D:7      | 6482 ||| IDENTIFYING smoky inky potion
  6483 | D:7      | 6483 ||| READING 8 scrolls of identify.
  6483 | D:7      | 6483 ||| IDENTIFYING coppery potion
  6484 | D:7      | 6484 ||| DROPPING potion of invisibility.
  6485 | D:7      | 6485 ||| DROPPING potion of ambrosia.
  6504 | D:8      | Reached *** piety under Okawaru
  6505 | D:8      | Reached skill level 6 in Fighting
  6623 | D:8      | Reached skill level 6 in Armour
  6685 | D:8      | Found a basalt altar of Yredelemnul.
  6687 | D:8      | Noticed a profane servitor
  6701 | D:8      | Found a glowing golden altar of the Shining One.
  6703 | D:8      | Noticed an angel
  6745 | D:8      | 6745 ||| Stepping ~*~*~tactically~*~*~ (hiding).
  6811 | D:8      | 6811 ||| Stepping ~*~*~tactically~*~*~ (hiding).
  6935 | D:8      | 6935 ||| Stepping ~*~*~tactically~*~*~ (stealth).
  6936 | D:8      | 6936 ||| Stepping ~*~*~tactically~*~*~ (stealth).
  6940 | D:8      | 6940 ||| Stepping ~*~*~tactically~*~*~ (stealth).
  6946 | D:8      | Reached skill level 9 in Axes
  7003 | D:8      | 7003 ||| Stepping ~*~*~tactically~*~*~ (hiding).
  7007 | D:8      | 7007 ||| INVOKING Heroism.
  7102 | D:8      | Noticed a two-headed ogre
  7103 | D:8      | 7103 ||| Stepping ~*~*~tactically~*~*~ (hiding).
  7104 | D:8      | 7104 ||| INVOKING Heroism.
  7105 | D:8      | 7105 ||| Stepping ~*~*~tactically~*~*~ (hiding).
  7111 | D:8      | Killed a two-headed ogre
  7111 | D:8      | Reached **** piety under Okawaru
  7112 | D:8      | HP: 2/59 [steam dragon/ball of steam (19)]
  7113 | D:8      | 7113 ||| READING 4 scrolls of teleportation.
  7115 | D:8      | Engulfed by a steam dragon's steam

Levels and vault maps discovered:
D:1:      ncdulo_smallfort, layout_basic
D:2:      minmay_chambers_of_twos, layout_basic, serial_co_window_serial,
          co_window_paths_b, co_window_paths_a, co_window_cross_1,
          co_window_corner_a, co_window_paths_b, co_window_corner_cb,
          co_window_corner_b, co_window_corner_b, glass_columns_c,
          hellmonk_ecumenical_altar_leap_of_faith, serial_shops, shop,
          feat_on_display, uniq_terence
D:3:      layout_rooms, nicolae_kikubaaqudgha_miasma_corner
D:4:      layout_loops_ring, nicolae_overflow_crystal_walls,
          mainiacjoe_overflow_paths, minmay_temple_entry_glass, chequers_jeans,
          amcnicky_mini_pool_small, nicolae_shop_i_like_big_books
D:5:      layout_gridville, lemuel_doored_altar, minmay_crystal_room
D:6:      layout_loops_ring, minmay_manual_mares
D:7:      layout_basic, uniq_maggie
D:8:      layout_basic, grunt_temple_overflow_holy_war, lemuel_round_altar
Temple:   hellmonk_temple_flake

Skill      XL: |  1  2  3  4  5  6  7  8  9 |
---------------+----------------------------+-----
Axes           | 2 3 4 5 6 7 8 9 |  9.0
Fighting       | 4 5 8 |  8.2
Armour         | 4 5 6 |  6.1
Invocations    | 2 4 |  4.1
Dodging        | 1 |  1.0
Shields        | 4 |  4.0

Action                   |  1- 3 |  4- 6 |  7- 9 || total
-------------------------+-------+-------+-------++-------
Melee: War axe           |   123 |   135 |   237 ||   495
Throw: Boomerang         |       |    20 |    17 ||    37
Invok: Heroism           |       |       |    10 ||    10
  Use: Scroll            |     4 |    12 |     8 ||    24
       Potion            |       |     2 |       ||     2
Armor: Scale mail        |    62 |    11 |       ||    73
       Chain mail        |       |    37 |       ||    37
       Plate armour      |       |    40 |   175 ||   215
Dodge: Dodged            |    70 |    44 |    68 ||   182
Block: Buckler           |    30 |    21 |    58 ||   109

Table legend:
 A = Non-vault XP
 B = Vault XP
 C = Vault XP percentage of total XP
 D = Non-vault monster count
 E = Vault monster count
 F = Vault count percentage of total count
                 A         B        C        D         E       F
            +---------+---------+-------+---------+---------+-------
      Total |    3834 |     662 |  14.7 |     157 |      12 |   7.1
            +---------+---------+-------+---------+---------+-------
        D:1 |      65 |       0 |   0.0 |      31 |       0 |   0.0
        D:2 |      37 |      53 |  58.9 |      16 |       9 |  36.0
        D:3 |     212 |       0 |   0.0 |      21 |       0 |   0.0
        D:4 |     478 |       0 |   0.0 |      25 |       0 |   0.0
        D:5 |     188 |       0 |   0.0 |      13 |       0 |   0.0
        D:6 |     544 |     220 |  28.8 |      16 |       2 |  11.1
        D:7 |     605 |     389 |  39.1 |      16 |       1 |   5.9
        D:8 |    1705 |       0 |   0.0 |      19 |       0 |   0.0
            +---------+---------+-------+---------+---------+-------
